 Dungeon Crawl Stone Soup version 0.27-a0-1359-ga2a4dfd6fd (webtiles) character file.

Game seed: 7354783589504990570

390 snetch the Magician (level 7, -2/45 HPs)
             Began as a Djinni Fire Elementalist on June 28, 2021.
             Was a Follower of Qazlal.
             Slain by a centaur (5 damage)
             ... on level 4 of the Dungeon.
             The game lasted 00:14:02 (4707 turns).

snetch the Magician (Djinni Fire Elementalist)      Turns: 4707, Time: 00:14:04

Health: -2/45      AC:  3    Str:  7    XL:     7   Next: 7%
Gold:   159        EV: 12    Int: 18    God:    Qazlal [*.....] SH:  2 Dex: 14

rFire    + + .     SeeInvis .   f - +2 dagger (protect)
rCold    x . .     Faith    +   (no shield)
rNeg     . . .     Spirit   .   g - +0 leather armour
rPois    ∞         Reflect  .   (no helmet)
rElec    .         Harm     .   (no cloak)
rCorr    .         Rampage  .   (no gloves)
Will     .....                  (boots unavailable)
Stlth    ++........             c - amulet of faith
HPRegen  0.15/turn              A - +4 ring of slaying
MPRegen  0.00/turn              (no ring)

@: flying
A: sickness immunity, fire resistance 2, cold vulnerability 1, float, innate
caster, hp casting, extra vitality 1
a: Renounce Religion


You were on level 4 of the Dungeon.
You worshipped Qazlal.
Qazlal was aware of your devotion.
You visited 2 branches of the dungeon, and saw 6 of its levels.

You collected 159 gold pieces.

Inventory:

Hand Weapons
 a - a +1 hand axe of freezing
 f - a +2 dagger of protection (weapon)
 j - a +2 dagger of draining
 v - a +0 trident
 y - a +4 hunting sling of flaming
Missiles
 b - 114 stones
 e - 76 sling bullets
 k - 75 arrows
 m - 14 bolts
 s - 6 curare-tipped darts
 w - 3 boomerangs
Armour
 d - a +0 ring mail
 g - a +0 leather armour (worn)
Jewellery
 c - an amulet of faith (around neck)
 A - a +4 ring of slaying (left hand)
Scrolls
 h - 2 scrolls of teleportation {unknown}
 i - 3 scrolls of fear {unknown}
 l - 3 scrolls of brand weapon {unknown}
 o - a scroll of summoning {unknown}
 q - 3 scrolls of identify {unknown}
 t - a scroll of holy word {unknown}
 u - a scroll of amnesia {unknown}
Potions
 n - a potion of heal wounds {unknown}
 p - a potion of flight {unknown}
 r - a potion of magic {unknown}
 x - a potion of lignification {unknown}
 z - a potion of ambrosia {unknown}
 B - a potion of mutation {unknown}
 C - a potion of curing {unknown}
 D - a potion of brilliance {unknown}


   Skills:
 + Level 2.4 Armour
 + Level 2.6 Dodging
 + Level 2.2 Stealth
 + Level 5.0 Spellcasting


You couldn't memorise any spells.
You knew the following spells:

 Your Spells              Type           Power      Damage    Failure   Level
a - Foxfire               Conj/Fire      88%        2x1d8     2%          1
b - Conjure Flame         Conj/Fire      22%        6-21      8%          3
c - Inner Flame           Hex/Fire       22%        N/A       8%          3
d - Sticky Flame          Conj/Fire      22%        2d4       24%         4
e - Fireball              Conj/Fire      11%        3d7       56%         5
f - Pain                  Necr           88%        1d8       2%          1
g - Blink                 Tloc           N/A        N/A       3%          2
h - Static Discharge      Conj/Air       22%        N/A       3%          2
Your spell library was empty.

Dungeon Overview and Level Annotations

Branches:
Dungeon (5/15)             Temple (1/1) D:4

Altars:
Ashenzari
Cheibriados
Dithmenos
Elyvilon
Fedhas
Gozag
Hepliaklqana
Kikubaaqudgha
Makhleb
Nemelex Xobeh
Okawaru
Qazlal
Ru
Sif Muna
Trog
Uskayaw
Vehumet
Wu Jian
Xom
Yredelemnul
Zin
The Shining One


Innate Abilities, Weirdness & Mutations

You are immune to sickness and miasma.
You are immune to poison.
Your flesh is very heat resistant. (rF++)
You are vulnerable to cold. (rC-)
You float through the air rather than walking.
You learn spells naturally, not from books.
Your magical power is your life essence.
You have superior vitality. (+4 HP)


Message History

The centaur wields a +0 shortbow.
The centaur shoots an arrow.
The arrow hits you!
You conjure some foxfire!
The centaur shoots an arrow.
The arrow hits you!
The centaur shoots an arrow.
The arrow hits you.
Your foxfire dissipates!
The centaur shoots an arrow.
The arrow hits you!
* * * LOW HITPOINT WARNING * * *
The centaur unwields a +0 shortbow.
The centaur closely misses you. The centaur completely misses you.
Casting: Foxfire (safe; 2% risk of failure)
Confirm with . or Enter, or press ? or * to list all spells.
Aiming: Pain (safe; 2% risk of failure)
Press: ? - help, Shift-Dir - straight line, f - centaur
Aim: a centaur, quivering arrows (chance to affect: 81%)
The centaur barely resists.
* * * LOW HITPOINT WARNING * * *
The centaur hits you.
* * * LOW HITPOINT WARNING * * *
You block the centaur's attack.
The centaur hits you but does no damage.
The centaur misses you.
Casting: Pain (safe; 2% risk of failure)
Confirm with . or Enter, or press ? or * to list all spells.
Aiming: Pain (safe; 2% risk of failure)
Press: ? - help, Shift-Dir - straight line, f/p - centaur
Aim: a centaur, quivering arrows (chance to affect: 81%)
The centaur writhes in agony.
* * * LOW HITPOINT WARNING * * *
The centaur misses you. The centaur closely misses you.
Unknown command.
Casting: Pain (safe; 2% risk of failure)
Confirm with . or Enter, or press ? or * to list all spells.
Aiming: Pain (safe; 2% risk of failure)
Press: ? - help, Shift-Dir - straight line, f/p - centaur
Aim: a centaur, quivering arrows (moderately wounded, chance to affect: 81%)
The centaur writhes in agony.
* * * LOW HITPOINT WARNING * * *
The centaur hits you but does no damage.
The centaur misses you. The centaur hits you.
You die...

#......................
#..........##..........
#..........# ..........
#.......)..# #........
####.......# ........
#.###'### ........
######.###.#
........c.#.#
........#@#.#
.########.#.# #.#.#
#.#.# #.#.# #.# #.# #.#
..#


You could see a centaur.

Vanquished Creatures
  A scorpion (D:2)
  A jelly (D:4)
  3 orc priests (D:4)
  Jessica (D:2)
  An orc wizard (D:4)
  A hound skeleton (D:2)
  7 adders
  5 worms
  2 orcs
  4 endoplasms
  3 giant cockroaches
  8 goblins
  5 hobgoblins
  9 jackals
  4 quokkas
  8 ball pythons
  3 bats
  11 frilled lizards
  2 kobolds
  2 rats
  A butterfly (D:4)
  3 foxfires
85 creatures vanquished.

Vanquished Creatures (others)
  320 foxfires
320 creatures vanquished.

Grand Total: 405 creatures vanquished

Notes
Turn   | Place    | Note
-------+----------+-------------------------------------------
     0 | D:1      | snetch the Djinni Fire Elementalist began the quest for the
                  | Orb.
     0 | D:1      | Reached XP level 1. HP: 15/15 MP: 0/0
   332 | D:1      | Reached XP level 2. HP: 16/21 MP: 0/0
   459 | D:1      | Found a hide-covered altar of Uskayaw.
  1080 | D:1      | Reached skill level 3 in Spellcasting
  1174 | D:2      | Noticed Jessica
  1188 | D:2      | Killed Jessica
  1189 | D:2      | Reached XP level 3. HP: 6/25 MP: 0/0
  1189 | D:2      | Learned a level 1 spell: Pain
  1489 | D:3      | Reached XP level 4. HP: 24/31 MP: 0/0
  1626 | D:3      | Found a glowing golden altar of the Shining One.
  1629 | D:3      | Found a shadowy altar of Dithmenos.
  1630 | D:3      | Found a stormy altar of Qazlal.
  1714 | D:3      | Found a burning altar of Makhleb.
  1715 | D:3      | Became a worshipper of Qazlal Stormbringer
  1883 | D:2      | Found a shimmering altar of Xom.
  2215 | D:2      | Reached XP level 5. HP: 31/35 MP: 0/0
  2215 | D:2      | Learned a level 2 spell: Blink
  2462 | D:2      | Reached * piety under Qazlal
  2627 | D:2      | Reached skill level 1 in Armour
  2627 | D:2      | Reached skill level 4 in Spellcasting
  3201 | D:3      | Reached XP level 6. HP: 37/40 MP: 0/0
  3389 | D:3      | You are sucked into a shaft and drop 1 floor!
  3937 | D:4      | Reached skill level 5 in Spellcasting
  4132 | D:5      | Entered Level 5 of the Dungeon
  4169 | D:4      | Found an ornate altar of the Wu Jian Council.
  4533 | D:4      | Found a staircase to the Ecumenical Temple.
  4544 | Temple   | Entered the Ecumenical Temple
  4618 | D:4      | Reached XP level 7. HP: 42/45 MP: 0/0
  4618 | D:4      | Learned a level 2 spell: Static Discharge
  4707 | D:4      | Slain by a centaur

Illustrated notes

Levels and vault maps discovered:
D:1:      lightli_arrival_maybe_door_vault, layout_rooms, minmay_hexomino_r4
D:2:      layout_basic, basic_altar, hangedman_decor_clover_reticule,
          minmay_lizard_pond, uniq_jessica
D:3:      layout_loops_ring, bloody_makhleb, grunt_temple_overflow_open
D:4:      layout_basic, nicolae_wu_jian_wuxing_cycle,
          minmay_temple_entry_butterflies
D:5:      cheibrodos_helix_gallery, layout_basic, serial_bayou,
          serial_bayou_pond_e, serial_bayou_pond_d, serial_bayou_pond_c,
          serial_bayou_lake_a, skrybe_limestone_x
Temple:   nicolae_temple_x_marks_the_god

Skill      XL: |  1  2  3  4  5  6 |
---------------+-------------------+-----
Spellcasting   | 3 4 5 |  5.0
Stealth        | 2 |  2.2
Armour         | 1 2 |  2.4
Dodging        | |  2.6

Action                   |  1- 3 |  4- 6 |  7- 9 || total
-------------------------+-------+-------+-------++-------
 Cast: Foxfire           |    45 |   154 |     3 ||   202
       Pain              |     2 |    12 |     3 ||    17
       Blink             |       |     1 |       ||     1
Armor: Robe              |     1 |       |       ||     1
       Leather armour    |       |     2 |     2 ||     4
Dodge: Dodged            |     4 |    14 |     6 ||    24
Block: Other             |       |       |     1 ||     1

Table legend: (Time is in decaauts)
 A = Elapsed time spent in this place.
 B = Non-inter-level travel time spent in this place.
 C = Inter-level travel time spent in this place.
 D = Time resting spent in this place.
 E = Time spent auto-exploring this place.
 F = Levels seen in this place.
 G = Mean time per level.
                   A        B        C        D        E       F      G
               +--------+--------+--------+--------+--------+-----+--------+
         Total |   4719 |   4562 |    157 |    112 |   3393 |   6 |  786.5 |
       Dungeon |   4660 |   4510 |    150 |    112 |   3343 |   5 |  932.0 |
        Temple |     58 |     51 |      7 |      0 |     50 |   1 |   58.0 |
               +--------+--------+--------+--------+--------+-----+--------+

Top non-repeatable levels by time:
     D:2: 1761 daAuts
     D:1: 1156 daAuts
     D:3: 973 daAuts
     D:4: 744 daAuts
  Temple: 58 daAuts
     D:5: 25 daAuts
